 Dungeon Crawl Stone Soup version 0.27-a0-789-g6bb3289e1e (webtiles) character file.

Game seed: 9042220587169421500

417 Zeld the Conjurer (level 7, 0/53 HPs)
             Began as a Human Conjurer on Mar 26, 2021.
             Slain by Duvessa
             ... wielding a +0 short sword
              (3 damage)
             ... on level 3 of the Dungeon.
             The game lasted 00:05:51 (4539 turns).

Zeld the Conjurer (Human Conjurer)                  Turns: 4539, Time: 00:05:52

Health: 0/53       AC:  6    Str:  7    XL:     7   Next: 15%
Magic:  3/13       EV: 27    Int: 20    God:
Gold:   106        SH:  0    Dex: 12    Spells: 3/14 levels left

rFire    + + .     SeeInvis .   (no weapon)
rCold    . . .     Faith    .   (no shield)
rNeg     + . .     Spirit   .   h - +1 robe {rF+}
rPois    .         Reflect  .   (no helmet)
rElec    .         Harm     .   (no cloak)
rCorr    .         Rampage  .   (no gloves)
Will     .....                  f - +2 pair of boots
Stlth    ++........             o - amulet of the acrobat
HPRegen  0.17/turn              c - ring of positive energy
MPRegen  0.13/turn              l - ring of protection from fire

@: acrobatic
A: no striking features
a: no special abilities


You were on level 3 of the Dungeon.
You visited 1 branch of the dungeon, and saw 4 of its levels.

You collected 106 gold pieces.

Inventory:

Armour
 f - a +2 pair of boots (worn)
 h - a +1 robe of fire resistance (worn)
Jewellery
 c - a ring of positive energy (right hand)
 l - a ring of protection from fire (left hand)
 o - an amulet of the acrobat (around neck)
Scrolls
 b - 3 scrolls of magic mapping {unknown}
 e - a scroll of immolation {unknown}
 j - 2 scrolls of teleportation {unknown}
 k - a scroll of vulnerability {unknown}
 n - a scroll of noise {unknown}
Potions
 a - a potion of curing {unknown}
 d - a potion of mutation {unknown}
 g - a potion of attraction {unknown}
 i - a potion of heal wounds {unknown}
 m - a potion of ambrosia {unknown}


   Skills:
 * Level 3.7 Fighting
 - Level 2.0 Dodging
 - Level 2.0 Stealth
 * Level 4.1 Spellcasting
 * Level 5.6 Conjurations


You had 3 spell levels left.
You knew the following spells:

 Your Spells              Type           Power      Damage    Failure   Level
a - Magic Dart            Conj           100%       1d8       1%          1
b - Searing Ray           Conj           52%        3d5       1%          2
c - Fulminant Prism       Conj/Hex       7%         3d7       36%         4
d - Iskenderun's Mystic   Conj/Tloc      15%        2d5       36%         4

Your spell library contained the following spells:

 Spells                   Type           Power      Damage    Failure   Level
 Dazzling Flash           Conj/Hex       30%        N/A       12%         3
 Animate Skeleton         Necr           8%         N/A       13%         1
 Apportation              Tloc           8%         N/A       13%         1
 Corona                   Hex            4%         N/A       13%         1
 Summon Small Mammal      Summ           16%        N/A       13%         1


Dungeon Overview and Level Annotations

Branches:
Dungeon (4/15)
 Temple: D:4-7

Altars:
Dithmenos
Trog
Wu Jian
Yredelemnul

Annotations:
D:3 3 runed translucent doors, Duvessa; shoop's ghost, amateur DjVM


Message History

Dowan gestures wildly while chanting.
Dowan blinks!
The searing ray hits Duvessa.
Duvessa is lightly wounded.
Duvessa hits you with a +0 short sword. Duvessa completely misses you.
The searing ray hits Duvessa but does no damage.
Duvessa is lightly wounded.
Duvessa completely misses you.
The searing ray misses Duvessa.
You finish channeling your searing ray.
Duvessa misses you.
Dowan zaps a wand.
The puff of flame hits you. You resist. Duvessa closely misses you.
Casting: Searing Ray (safe; 1% risk of failure)
Confirm with . or Enter, or press ? or * to list all spells.
Aiming: Searing Ray (safe; 1% risk of failure)
Press: ? - help, Shift-Dir - straight line, f/p - Dowan
Aim: Dowan, wielding a +0 dagger, wearing a +0 robe and carrying a wand of flame (14) (moderately wounded, 29% to evade)
The searing ray hits Dowan!
Dowan is severely wounded. (Press . to maintain the ray.) Duvessa hits you with a +0 short sword.
Dowan hits you but does no damage.
The searing ray hits Dowan!
You kill Dowan!
Duvessa weeps, then rights herself and shakes her weapon.
Duvessa goes berserk!
Duvessa closely misses you. Duvessa hits you with a +0 short sword!
* * * LOW HITPOINT WARNING * * *
Unknown command.
Casting: Searing Ray (safe; 1% risk of failure)
Confirm with . or Enter, or press ? or * to list all spells.
Aiming: Searing Ray (safe; 1% risk of failure)
Press: ? - help, Shift-Dir - straight line, f - Duvessa
Aim: Duvessa, wielding a +0 short sword and wearing a +3 leather armour of cold resistance (lightly wounded, berserk, fast, 18% to evade)
The searing ray misses Duvessa. (Press . to maintain the ray.) Duvessa hits you with a +0 short sword!
* * * LOW HITPOINT WARNING * * *
The searing ray hits Duvessa.
Duvessa is moderately wounded.
Duvessa hits you with a +0 short sword.
You die...

...........# #...........##.####)
.##.#.###### ########)..###......
.##.#.###### ##.#.## ######.
.##........# #####.#...# #.
.###..#.##.####.##......# #.
.###..#.##.......#.##.#.########.
........##......#.....#.#........
####.#.###.....)##...............
#.#.###......@e...>#.#........
#............##...#..########)
###.######.###....(..# #.
#.#######.#.##.##### #.
#.##...........# #.
#.##.#########.# #.
#....#.....rK#.# #.
#....#..#.#Wc#.# #.
#....#...#..B+.#############


You could see Duvessa (berserk, fast).

Vanquished Creatures
  Sigmund (D:2)
  Dowan (D:3)
  Jessica (D:3)
  Natasha (thrice) (D:2)
  Terence (D:2)
  2 adders
  3 worms (D:2)
  2 dart slugs
  3 bats
  5 endoplasms
  6 giant cockroaches
  5 hobgoblins
  3 jackals (D:2)
  11 kobolds
  3 quokkas
  6 ball pythons
  6 frilled lizards
  6 goblins
  3 rats
71 creatures vanquished.

Notes
Turn   | Place    | Note
-------+----------+-------------------------------------------
     0 | D:1      | Zeld the Human Conjurer began the quest for the Orb.
     0 | D:1      | Reached XP level 1. HP: 13/13 MP: 3/3
   251 | D:1      | Reached XP level 2. HP: 12/20 MP: 0/5
   278 | D:1      | Learned a level 2 spell: Searing Ray
   533 | D:1      | Reached skill level 1 in Fighting
   992 | D:1      | Reached XP level 3. HP: 26/26 MP: 0/6
  1298 | D:2      | Noticed Natasha
  1303 | D:2      | Killed Natasha
  1304 | D:2      | Reached XP level 4. HP: 29/33 MP: 0/8
  1469 | D:2      | Learned a level 4 spell: Fulminant Prism
  1598 | D:2      | Noticed Natasha
  1603 | D:2      | Killed Natasha
  1988 | D:2      | Reached XP level 5. HP: 38/38 MP: 3/9
  2001 | D:2      | Found a basalt altar of Yredelemnul.
  2105 | D:2      | Noticed Sigmund
  2440 | D:2      | Killed Sigmund
  2441 | D:2      | Reached skill level 5 in Conjurations
  2441 | D:2      | Reached XP level 6. HP: 47/47 MP: 4/11
  2463 | D:2      | Learned a level 4 spell: Iskenderun's Mystic Blast
  2588 | D:2      | Noticed Natasha
  2595 | D:2      | Killed Natasha
  3020 | D:2      | Found a bloodstained altar of Trog.
  3020 | D:2      | Noticed Terence
  3025 | D:2      | Killed Terence
  3080 | D:2      | Found a shadowy altar of Dithmenos.
  3080 | D:2      | Found an ornate altar of the Wu Jian Council.
  3080 | D:2      | You fall into a shaft and drop 1 floor!
  3431 | D:3      | Noticed Jessica
  3433 | D:3      | Killed Jessica
  3434 | D:3      | Reached XP level 7. HP: 52/52 MP: 8/13
  3535 | D:3      | Found a runed translucent gate.
  3535 | D:3      | Found a runed translucent gate.
  3536 | D:3      | Found a runed translucent gate.
  3540 | D:3      | Noticed shoop's ghost (amateur DjVM)
  4046 | D:4      | Noticed Duvessa
  4046 | D:4      | Noticed Dowan
  4537 | D:3      | Killed Dowan
  4538 | D:3      | HP: 2/53 [Duvessa/+0 short sword (8)]
  4539 | D:3      | Slain by Duvessa

Illustrated notes

Levels and vault maps discovered:
D:1:      minmay_arrival_plants_in_alcoves, layout_loops_ring
D:2:      layout_basic, overflow_temple_1_default, yredelemnul_altar_generic,
          gammafunk_temple_overflow_wave, uniq_natasha, uniq_terence,
          uniq_sigmund
D:3:      layout_loops_cross, gammafunk_ghost_split, uniq_jessica
D:4:      layout_cave_pods, lemuel_coloured_pillars_altar,
          minmay_temple_entry_stoned_glass, lemuel_altar_in_water,
          uniq_blork_the_orc, uniq_duvessa

Skill      XL: |  1  2  3  4  5  6 |
---------------+-------------------+-----
Fighting       | 1 2 3 |  3.7
Spellcasting   | 3 4 |  4.1
Conjurations   | 5 |  5.6
Dodging        | |  2.0
Stealth        | |  2.0

Action                   |  1- 3 |  4- 6 |  7- 9 || total
-------------------------+-------+-------+-------++-------
Melee: Unarmed           |    11 |       |       ||    11
 Cast: Magic Dart        |    42 |    49 |     8 ||    99
       Searing Ray       |     3 |    14 |     3 ||    20
Armor: Robe              |     4 |     2 |     4 ||    10
Dodge: Dodged            |    23 |     5 |    15 ||    43

Table legend: (Time is in decaauts)
 A = Elapsed time spent in this place.
 B = Non-inter-level travel time spent in this place.
 C = Inter-level travel time spent in this place.
 D = Time resting spent in this place.
 E = Time spent auto-exploring this place.
 F = Levels seen in this place.
 G = Mean time per level.
                   A        B        C        D        E       F      G
               +--------+--------+--------+--------+--------+-----+--------+
         Total |   4553 |   4501 |     52 |   1057 |   2922 |   4 | 1138.2 |
       Dungeon |   4553 |   4501 |     52 |   1057 |   2922 |   4 | 1138.2 |
               +--------+--------+--------+--------+--------+-----+--------+

Top non-repeatable levels by time:
     D:2: 1604 daAuts
     D:1: 1596 daAuts
     D:3: 1339 daAuts
     D:4: 14 daAuts
